 Dungeon Crawl Stone Soup version 0.20.1-1-g8b1a95d (webtiles) character file.

48 fili the Sneak (level 3, 0/16 HPs)
             Began as a Spriggan Enchanter on Aug 25, 2017.
             Killed by divine providence
             ... invoked by an orc priest
              (10 damage)
             ... on level 3 of the Dungeon.
             The game lasted 00:15:32 (2565 turns).

fili the Sneak (Spriggan Enchanter)                 Turns: 2565, Time: 00:15:36

Health: 0/16       AC:  2    Str:  4    XL:     3   Next: 50%
Magic:  3/8        EV: 18    Int: 17    God:
Gold:   76         SH:  0    Dex: 16    Spells: 5/8 levels left

rFire    . . .     SeeInvis +   n - +1 dagger (venom)
rCold    . . .     Gourm    .   (shield restricted)
rNeg     . . .     Faith    .   b - +0 robe
rPois    .         Spirit   .   (helmet restricted)
rElec    .         Reflect  .   (no cloak)
rCorr    .         Harm     .   (gloves unavailable)
MR       .....                  (boots unavailable)
Stlth    +++.......             (no amulet)
Regen    0.1/turn               (no ring)
MPRegen  0.2/turn               (no ring)

@: very quick
A: unfitting armour, see invisible, herbivore 3, speed 3, slow metabolism 2
a: no special abilities


You were on level 3 of the Dungeon.
You were not hungry.

You visited 1 branch of the dungeon, and saw 3 of its levels.

You collected 76 gold pieces.

Inventory:

Hand Weapons
 a - a +1 dagger
 n - a +1 dagger of venom (weapon)
Armour
 b - a +0 robe (worn)
Scrolls
 e - 3 scrolls of identify {unknown}
 f - a scroll of amnesia {unknown}
 l - a scroll of teleportation {unknown}
 m - a scroll of enchant armour {unknown}
Potions
 g - a potion of heal wounds {unknown}
 h - 2 potions of curing {unknown}
 i - 2 potions of mutation {unknown}
 j - a potion of might {unknown}
 k - 2 potions of cancellation {unknown}
Books
 c - a book of Maledictions

   Spells                             Type                      Level
   a - Corona                         Hexes                        1
   b - Ensorcelled Hibernation        Hexes/Ice                    2
   c - Confuse                        Hexes                        3
   d - Tukima's Dance                 Hexes                        3
   e - Dazzling Spray                 Conjuration/Hexes            3
Comestibles
 d - a bread ration


   Skills:
 + Level 1.8 Short Blades
 - Level 3.0 Dodging
 + Level 5.4 Stealth
 + Level 3.0 Spellcasting
 * Level 4.3 Hexes


You had 5 spell levels left.
You knew the following spells:

 Your Spells              Type           Power        Failure   Level  Hunger
a - Corona                Hex            ###....      3%          1    None
b - Ensorcelled Hibernat  Hex/Ice        ##....       11%         2    ##.....


Dungeon Overview and Level Annotations

Branches:
Dungeon (3/15)

Altars:
Fedhas
Ru


Innate Abilities, Weirdness & Mutations

You are very small and have problems with some larger weapons.
You are too small for most types of armour.
You have supernaturally acute eyesight. (SInv)
You are a herbivore.
You cover ground extremely quickly.
You need consume almost no food.


Message History

Aiming: Corona
Press: ? - help, Shift-Dir - straight line, f/p - orc priest
Aim: an orc priest (chance to defeat MR: 54%)
The orc priest is outlined in light.
The orc priest barely misses you.
You hit the orc priest but do no damage.
The orc priest is poisoned.
The orc priest closely misses you.
You hit the orc priest.
The orc priest is lightly wounded.
The orc priest hits you.
You hit the orc priest.
The orc priest looks as sick as possible!
The orc priest is moderately wounded.
The orc priest closely misses you.
You hit the orc priest.
The orc priest looks as sick as possible!
The orc priest is heavily wounded.
The orc priest invokes the aid of Beogh against you.
Beogh smites you!
Ouch! That really hurt!
You die...

#..#######
#..# #..#
#>.###########
#...........<#
#.############
#.#
##.######.#
#...o@.[).#
###########


You could see an orc priest.

Vanquished Creatures
  A worm (D:2)
  A dart slug (D:1)
  4 orcs (D:3)
  7 bats
  A giant cockroach (D:2)
  5 goblins
  5 hobgoblins
  3 jackals (D:2)
  3 kobolds
  3 frilled lizards
  3 rats (D:2)
36 creatures vanquished.

Notes
Turn   | Place    | Note
-------+----------+-------------------------------------------
     0 | D:1      | fili the Spriggan Enchanter began the quest for the Orb.
     0 | D:1      | Reached XP level 1. HP: 9/9 MP: 5/5
   354 | D:1      | Reached XP level 2. HP: 12/13 MP: 4/6
   365 | D:1      | Learned a level 2 spell: Ensorcelled Hibernation
  1069 | D:2      | Reached skill level 5 in Stealth
  1176 | D:2      | Found a sacrificial altar of Ru.
  1176 | D:2      | Found a blossoming altar of Fedhas.
  1312 | D:2      | Reached XP level 3. HP: 13/16 MP: 4/8
  2565 | D:3      | Killed from afar by an orc priest

Skill      XL: |  1  2 |
---------------+-------+-----
Hexes          | 4 |  4.3
Stealth        | 5 |  5.4
Spellcasting   | 3 |  3.0
Short Blades   | |  1.8
Dodging        | |  3.0

Action                   || total
-------------------------++-------
Melee: Dagger            ||   141
 Cast: Corona            ||    17
       Ensorcelled Hiber ||    17
 Stab: Sleeping          ||    14
Armor: Robe              ||    23
Dodge: Dodged            ||   118
